 Dungeon Crawl Stone Soup version 0.30-a0-218-gedb9141078 (webtiles) character file.

Game seed: 6527883962463549332

50 billz999 the Magician (level 3, -4/24 HPs)
             Began as a Mummy Fire Elementalist on Oct 6, 2022.
             Slain by an ogre
             ... wielding a +0 giant club
              (28 damage)
             ... on level 2 of the Dungeon.
             The game lasted 00:08:10 (1960 turns).

billz999 the Magician (Mummy Fire Elementalist)     Turns: 1960, Time: 00:08:11

Health: -4/24      AC:  3    Str: 11    XL:     3   Next: 55%
Magic:  2/8        EV: 12    Int: 16    God:
Gold:   121        SH:  0    Dex: 12    Spells: 7/10 levels left

rFire   x . .      SeeInvis .    c - +0 dagger
rCold   + . .      Faith    +    (no shield)
rNeg    + + +      Spirit   .    a - +0 robe
rPois   ∞          Reflect  .    (no helmet)
rElec   .          Harm     .    b - +0 cloak
rCorr   .          Rampage  .    (no gloves)
Will    .....                    (no boots)
Stlth   ++........               (no amulet)
HPRegen 0.24/turn                (no ring)
MPRegen 0.11/turn                (no ring)

@: no status effects
A: cold resistance 1, negative energy resistance 3, torment resistance 2, heat
vulnerability 1, in touch with death 1, no potions, faith
a: no special abilities


You were on level 2 of the Dungeon.
You visited 1 branch of the dungeon, and saw 2 of its levels.

You collected 121 gold pieces.

Inventory:

Hand Weapons
 c - a +0 dagger (weapon)
Armour
 a - a +0 robe (worn)
 b - a +0 cloak (worn)
Scrolls
 d - 2 scrolls of amnesia {unknown}
 e - 2 scrolls of identify {unknown}
 f - a scroll of vulnerability {unknown}


   Skills:
 - Level 1.6 Dodging
 - Level 1.6 Stealth
 - Level 4.4 Spellcasting
 * Level 1.2 Conjurations
 + Level 2.5 Fire Magic


You had 7 spell levels left.
You knew the following spells:

 Your Spells              Type           Power      Damage    Failure   Level
a - Foxfire               Conj/Fire      36%        2x1d5     8%          1
b - Scorch                Fire           22%        2d6       9%          2

Your spell library contained the following spells:

 Spells                   Type           Power      Damage    Failure   Level
 Magic Dart               Conj           28%        1d4       10%         1
 Searing Ray              Conj           14%        2d5       14%         2
 Slow                     Hex            12%        N/A       16%         1
 Sting                    Tmut/Pois      12%        1d3       16%         1
 Poisonous Vapours        Pois/Air       6%         N/A       24%         2
 Inner Flame              Hex/Fire       7%         N/A       28%         3
 Kindle Blastsparks       Fire/Tloc/Air  12%        2d11      34%         3
 Flame Wave               Conj/Fire      9%         2d6       58%         4
 Fulminant Prism          Conj/Hex       2%         3d6       77%         4
 Olgreb's Toxic Radiance  Pois           3%         N/A       85%         4


Dungeon Overview and Level Annotations

Branches:
Dungeon (2/15)

Altars:


Innate Abilities, Weirdness & Mutations

You are immune to poison.
Your flesh is cold resistant. (rC+)
You are immune to negative energy. (rN+++)
You are immune to unholy pain and torment.
You are vulnerable to heat. (rF-)
You are in touch with the powers of death.
You do not drink.
You have a special connection with the divine. (Faith)


Message History

Gang up on whom?
Press: ? - help, Dir - move target, f - ogre
Aim: an ogre, wielding a +0 giant club (ally target) Attack!
The foxfire hits the ogre.
The ogre is lightly wounded.
The foxfire hits the ogre but does no damage.
The ogre is lightly wounded.
Casting: Foxfire (safe; 8% risk of failure)
Confirm with . or Enter, or press ? or * to list all spells.
You miscast Foxfire.
You are very lightly contaminated with residual magic.
Nothing appears to happen.
Casting: Foxfire (safe; 8% risk of failure)
Confirm with . or Enter, or press ? or * to list all spells.
You conjure some foxfire!
Your foxfire dissipates!
The foxfire hits the ogre but does no damage.
The ogre is lightly wounded.
Casting: Foxfire (safe; 8% risk of failure)
Confirm with . or Enter, or press ? or * to list all spells.
Flames lash the ogre.
The ogre is moderately wounded.
The ogre's fire resistance burns away.
A ball python comes into view.
Casting: Scorch (safe; 9% risk of failure)
Confirm with . or Enter, or press ? or * to list all spells.
You conjure some foxfire!
The ogre closely misses you.
Your magical contamination has completely faded away.
Your foxfire dissipates!
The ball python hisses angrily.
The ogre is no longer more vulnerable to fire.
The foxfire hits the ogre.
The ogre is heavily wounded.
Casting: Foxfire (safe; 8% risk of failure)
Confirm with . or Enter, or press ? or * to list all spells.
You conjure some foxfire!
The ogre hits you with a +0 giant club!!
Ouch! That really hurt!
You die...

... ... #.#
..# .# #S#
#.## #.# ..$#
#v# ....# ....
#.# #@# ....#
... #.#
#O##.#.# ..
...# #.#
#......# .
...# #.#
#......# #
#..#
#.####......#
####..#
#.##........#
..##..#
#.##.#......#
#.##..#
#.##.#......#
#.##..#
##.#....####.#


You could see an ogre (ally target) and a ball python.

Vanquished Creatures
  An orc (D:2)
  5 bats
  3 endoplasms
  3 goblins (D:1)
  5 hobgoblins
  8 jackals (D:1)
  A kobold (D:1)
  2 quokkas (D:1)
  4 ball pythons
  3 frilled lizards (D:1)
  9 rats
44 creatures vanquished.

Vanquished Creatures (others)
  81 foxfires
  2 fungi (D:1)
  2 plants (D:1)
85 creatures vanquished.

Grand Total: 129 creatures vanquished

Notes
Turn   | Place    | Note
-------+----------+-------------------------------------------
     0 | D:1      | billz999 the Mummy Fire Elementalist began the quest for
                  | the Orb.
     0 | D:1      | Reached XP level 1. HP: 13/13 MP: 4/4
   221 | D:1      | Reached skill level 3 in Spellcasting
   284 | D:1      | Reached XP level 2. HP: 19/19 MP: 3/6
   646 | D:1      | Reached skill level 4 in Spellcasting
   845 | D:1      | Gained mutation: You are in touch with the powers of death.
                  | [Mummy growth]
   845 | D:1      | Reached XP level 3. HP: 7/24 MP: 1/8
  1091 | D:1      | Learned a level 2 spell: Scorch
  1127 | D:1      | Found a faded altar of an unknown god.
  1130 | D:1      | Got Plato's Discourse on Spellbinding
  1287 | D:1      | Reached skill level 1 in Conjurations
  1948 | D:2      | Noticed an ogre
  1960 | D:2      | Slain by an ogre

Illustrated notes

Levels and vault maps discovered:
D:1:      wheals_arrival_shading, layout_basic,
          shapermc_ecumenical_altar_rom_forum
D:2:      layout_loops_ring, basic_altar

Skill      XL: |  1  2  3 |
---------------+----------+-----
Spellcasting   | 3 4 |  4.4
Conjurations   | 1 |  1.2
Dodging        | |  1.6
Stealth        | |  1.6
Fire Magic     | |  2.5

Action                   || total
-------------------------++-------
Melee: Unarmed           ||     9
       Punch             ||     1
       Dagger            ||    25
 Cast: Foxfire           ||    67
       Scorch            ||     9
Armor: Robe              ||    16
Dodge: Dodged            ||    82

Table legend: (Time is in decaauts)
 A = Elapsed time spent in this place.
 B = Non-inter-level travel time spent in this place.
 C = Inter-level travel time spent in this place.
 D = Time resting spent in this place.
 E = Time spent auto-exploring this place.
 F = Levels seen in this place.
 G = Mean time per level.
                   A        B        C        D        E       F      G
               +--------+--------+--------+--------+--------+-----+--------+
         Total |   1959 |   1870 |     89 |    190 |   1290 |   2 |  979.5 |
       Dungeon |   1959 |   1870 |     89 |    190 |   1290 |   2 |  979.5 |
               +--------+--------+--------+--------+--------+-----+--------+

Top non-repeatable levels by time:
     D:1: 1589 daAuts
     D:2: 370 daAuts
